AoeStats
← Buffoncito

Arabia

510920761Analyzed
1v1 RM · 18h ago on Oct 3, 2026· 62m 2s· 2 players
Game mode
Random Map
Map size
Tiny (2 player)
Population
200
Speed
Normal
Resources
Standard
Victory
Conquest
Starting age
Dark Age
Ending age
Imperial Age
RankedLock teamsTeams togetherTeam positionsShared explorationLock speedFull tech treeHidden civsTurbo modeCheats
Victory
Defeat
🇲🇽 Vikings · Mexico
711
+14
🇹🇼 Mongols · Taiwan
662
-14
Panura_131
1:46 Loom
9:31 Feudal Age
10:06 Double-Bit Axe
10:45 Horse Collar
12:53 Loom
15:29 Wheelbarrow
17:12 Town Watch
19:52 Castle Age
20:12 Forging
23:49 Bloodlines
25:53 Fletching
25:58 Crossbowman
28:13 Pikeman
30:25 Husbandry
33:46 Hand Cart
38:07 Imperial Age
39:31 Elite Steppe Lancer
40:11 Arbalester
40:57 Thumb Ring
40:31 Light Cavalry
44:01 Iron Casting
44:45 Parthian Tactics
46:32 Blast Furnace
45:34 Padded Archer Armor
46:47 Herbal Medicine
49:39 Drill
49:48 Scale Barding Armor
49:39 Bodkin Arrow
49:59 Leather Archer Armor
49:06 Heavy Cavalry Archer
50:33 Hussar
55:18 Chain Barding Armor
54:37 Sappers
55:17 Elite Skirmisher
60:01 Bracer
Buffoncito
5:21 Loom
10:28 Feudal Age
11:20 Double-Bit Axe
13:05 Horse Collar
13:23 Gold Mining
16:29 Man-at-Arms
16:55 Arson
23:18 Castle Age
21:46 Stone Mining
22:42 Forging
24:41 Bow Saw
26:47 Fletching
32:39 Murder Holes
32:25 Treadmill Crane
35:05 Gold Shaft Mining
35:50 Iron Casting
35:16 Scale Mail Armor
36:41 Ballistics
39:35 Chain Mail Armor
38:43 Elite Skirmisher
43:03 Imperial Age
41:39 Town Watch
42:34 Bodkin Arrow
43:37 Chieftains
44:26 Capped Ram
45:39 Conscription
45:55 Hoardings
45:32 Squires
45:50 Heavy Plow
47:08 Crop Rotation
47:49 Two-Man Saw
48:29 Pikeman
52:54 Chemistry
51:46 Heated Shot
52:08 Masonry
53:27 Siege Ram
53:33 Heavy Scorpion
53:49 Elite Varangian Guard
55:23 Bogsveigar
56:31 Elite Berserk
58:28 Blast Furnace
57:58 Plate Mail Armor
59:02 Long Swordsman
61:20 Plate Mail Armor
60:51 Bracer
60:18 Two-Handed Swordsman
61:01 Champion
Connection lost

Rejoining the realm…

Still unreachable

The connection could not be restored.

Session expired

The server has moved on; the page needs a fresh start.